[Event "Early-Titled-Tuesday-Blitz-February-13-2024"]
[Site "Chess.com"]
[Date "2024.02.13"]
[Round "2"]
[White "Ykow"]
[Black "VeraVujovic"]
[Result "1-0"]
[WhiteElo "2509"]
[BlackElo "2242"]
[TimeControl "180+1"]
[EndTime "8:18:59 PST"]
[Termination "Ykow won by resignation"]

1. d4 d5 2. c4 dxc4 3. Nc3 Nf6 4. e4 e5 5. Bxc4 exd4 6. Qb3 Qe7 7. Nb5 Nxe4 8. Ne2 Nc5 9. Qg3 d3 10. Bxd3 Nxd3+ 11. Qxd3 a6 12. Bg5 f6 13. O-O-O axb5 14. Rhe1 Qc5+ 15. Nc3+ Kf7 16. Be3 Qc6 17. Kb1 b4 18.
Nb5 Be6 19. b3 Ra5 20. Nd4 Qc3 21. Qe2 Bd5 22. f3 Qc5 23. Nf5 Qc6 24. Bf4 Bc5 25.
Ne7 Be4+ 26. fxe4 Bxe7 27. e5 fxe5 28. Bxe5 Qg6+ 29. Rd3 Rd5 30. Qf3+ Ke8 31. Qxd5 c6 32. Qe4 Nd7 33. Qxg6+ hxg6 34. Bd6 1-0

[Event "Early-Titled-Tuesday-Blitz-February-13-2024"]
[Site "Chess.com"]
[Date "2024.02.13"]
[Round "2"]
[White "Kostukov_Alex"]
[Black "thesupera12"]
[Result "0-1"]
[WhiteElo "2233"]
[BlackElo "2506"]
[TimeControl "180+1"]
[EndTime "8:19:00 PST"]
[Termination "thesupera12 won by resignation"]

1. g3 h5 2. h4 g6 3. c4 Bg7 4. Bg2 c6 5. Nf3 d5 6. O-O dxc4 7. Qc2 Nf6 8. Qxc4 O-O 9. d4 Nbd7 10. Nc3 Nb6 11.
Qb3 Bg4 12. Ne5 Qxd4 13. Nxg4 Nxg4 14. Bg5 Bf6 15. Rad1 Qc4 16. Bc1 Qxb3 17. axb3 Rfd8 18. Ne4 Bd4 19. e3 Bf6 20. Nc5 Rab8 21. Rxd8+ Rxd8 22. Nxb7 Rd3 23. Nc5 Rd8 24. Bf3 Ne5 25. Be2 Rd5 26.
Ne4 Nd3 27. Nxf6+ exf6 28. Bf3 Rb5 29. Rd1 Rxb3 30. Bxc6 Nxc1 31. Rxc1 Rxb2 32. Ra1 Rc2 33. Bb7 Rc7 34. Rxa7 Kg7 35. e4 Nd7 36. f4 Nc5 37. e5 fxe5 38. fxe5 Nxb7 39. Kh2 Rd7 40. Kh3 Nc5 41. Ra5 Ne6 42. Ra3 Rd5 43. Re3 Rd4 44. Kg2 Rg4 45. Kh3 Kf8 46. Kg2 Ng7 47. Kh3 Nf5 48. Ra3 Ke7 49. Ra7+ Ke6 50. Ra6+ Kxe5 51.
Ra5+ Kf6 52. Ra6+ Kg7 53. Ra3 Rxg3+ 0-1

[Event "Early-Titled-Tuesday-Blitz-February-13-2024"]
[Site "Chess.com"]
[Date "2024.02.13"]
[Round "2"]
[White "MKlose11"]
[Black "SantoBlue"]
[Result "0-1"]
[WhiteElo "2642"]
[BlackElo "2961"]
[TimeControl "180+1"]
[EndTime "8:19:01 PST"]
[Termination "SantoBlue won by resignation"]

1. e4 d6 2. d4 Nf6 3. Nc3 e5 4. Nf3 Nbd7 5. Bc4 Be7 6. O-O O-O 7. a4 c6 8. h3 h6 9. Qe2 Re8 10. Re1 exd4 11. Nxd4 Bf8 12. Qd1 Nc5 13. f3 d5 14.
exd5 Rxe1+ 15. Qxe1 cxd5 16. Bf1 Bd7 17. Be3 Qc7 18.
Qd2 Re8 19. Bf2 Bd6 20. Ndb5 Qb8 21. Nxd6 Qxd6 22. Nb5 Bxb5 23. Bxb5 Rc8 24. Rd1 a6 25. Bf1 Nxa4 26. c4 Rd8 27. b4 Qe5 28. Bd4 Qe6 29. c5 b5 30. cxb6 Nxb6 31. Bxa6 Nc4 32.
Qa2 Nh5 33. Bf2 Ra8 34. b5 Nf4 35. Qb1 Ne2+ 36. Kh1 Nc3 37. Qd3 Nxd1 38. Qxd1 Re8 39. Bb7 Qe2 40. Qxe2 Rxe2 41. Bc5 Rb2 42. Bc6 Ne5 43.
Bd4 Rb1+ 44. Kh2 Nxc6 45. bxc6 Rc1 46. Kg3 Rxc6 47. Kf4 Re6 0-1

[Event "Early-Titled-Tuesday-Blitz-February-13-2024"]
[Site "Chess.com"]
[Date "2024.02.13"]
[Round "2"]
[White "bolwin"]
[Black "Nikolakis2014"]
[Result "0-1"]
[WhiteElo "2271"]
[BlackElo "2713"]
[TimeControl "180+1"]
[EndTime "8:19:01 PST"]
[Termination "Nikolakis2014 won on time"]

1. Nf3 Nf6 2. c4 e6 3. Nc3 Bb4 4. Qc2 c5 5. a3 Bxc3 6. Qxc3 d6 7. b4 O-O 8. Bb2 e5 9. d3 b6 10.
g3 Bb7 11. Bg2 Nc6 12. O-O Nd4 13. Nxd4 exd4 14. Qc2 Bxg2 15. Kxg2 Re8 16. Rae1 d5 17. bxc5 bxc5 18. e3 dxc4 19. Qxc4 Rb8 20. Ba1 dxe3 21. fxe3 Qd5+ 22. Qxd5 Nxd5 23. e4 Nc7 24. Rf5 Ne6 25.
Ref1 Re7 26. Rd5 h6 27. d4 cxd4 28. Bxd4 Rb3 29. Be5 Rxa3 30. Bd6 Ra2+ 31. Rf2 Rxf2+ 32. Kxf2 Rb7 33. e5 h5 34. h4 Kh7 35. Rd2 Kg6 36.
Rc2 Nd4 37. Rd2 Nf5 38. Rd3 Nh6 39. Kf3 Ng4 40. Ra3 Kf5 0-1

[Event "Early-Titled-Tuesday-Blitz-February-13-2024"]
[Site "Chess.com"]
[Date "2024.02.13"]
[Round "2"]
[White "Schachmalanders"]
[Black "SmirnovTimofey2000"]
[Result "1-0"]
[WhiteElo "2439"]
[BlackElo "1963"]
[TimeControl "180+1"]
[EndTime "8:19:01 PST"]
[Termination "Schachmalanders won on time"]

1. e4 e5 2. Nf3 Nf6 3. Nc3 Bb4 4. Nxe5 O-O 5. d4 Nxe4 6. Qd3 d5 7. Be2 Bf5 8. Qf3 Bg6 9. O-O Nxc3 10. bxc3 Bd6 11. Nxg6 hxg6 12. Rb1 b6 13. c4 c6 14. cxd5 cxd5 15.
c4 Nc6 16. Qxd5 Nxd4 17. Bd3 Bc5 18. Qe4 Re8 19. Qg4 Qf6 20. Bg5 Qe6 21. Qh4 Nf5 22. Qh3 Be7 23. Bc1 Rad8 24. Bb2 Bf6 25. Bxf5 Qxf5 26.
Qxf5 gxf5 27. Bxf6 gxf6 28. Rfe1 Re4 29. Rxe4 fxe4 30. g3 Rd2 31. Rb5 Rxa2 32. Rf5 Kg7 33. Rf4 a5 34. Rxe4 a4 35. Re7 a3 36. Ra7 1-0

[Event "Early-Titled-Tuesday-Blitz-February-13-2024"]
[Site "Chess.com"]
[Date "2024.02.13"]
[Round "2"]
[White "lupta_robin"]
[Black "regenda"]
[Result "1-0"]
[WhiteElo "2558"]
[BlackElo "2112"]
[TimeControl "180+1"]
[EndTime "8:19:02 PST"]
[Termination "lupta_robin won by resignation"]

1. b3 Nf6 2. Bb2 e6 3. Nf3 c5 4. c4 b6 5. g3 Bb7 6. Bg2 g6 7. O-O Bg7 8. d4 d6 9. Nc3 O-O 10. Qd2 Nc6 11. Rad1 Qc8 12. d5 exd5 13. cxd5 Nb4 14.
e4 Re8 15. Rfe1 Ba6 16. Bf1 Bxf1 17. Kxf1 Nxa2 18. Nxa2 Qa6+ 19. Qd3 Qxa2 20. Re2 c4 21.
bxc4 Qa4 22. Ra1 Qd7 23. e5 Ng4 24. e6 fxe6 25. dxe6 Rxe6 26. Qd5 Re8 27. Rae1 Bxb2 28. Rxe6 Rxe6 29. Rxe6 Kg7 30. Rxd6 Qf5 31. Qxf5 gxf5 32.
Rd7+ Kf6 33. Rxa7 Ne5 34. Nxe5 Bxe5 35. Rxh7 1-0

[Event "Early-Titled-Tuesday-Blitz-February-13-2024"]
[Site "Chess.com"]
[Date "2024.02.13"]
[Round "2"]
[White "maksimys18"]
[Black "Teidi96"]
[Result "1-0"]
[WhiteElo "2536"]
[BlackElo "2298"]
[TimeControl "180+1"]
[EndTime "8:19:02 PST"]
[Termination "maksimys18 won on time"]

1. d4 Nf6 2. Nf3 e6 3. c4 d5 4.
Nc3 Be7 5. Bg5 O-O 6. e3 Nbd7 7.
cxd5 exd5 8. Bd3 c6 9. O-O Re8 10. Rc1 h6 11. Bf4 a5 12. h3 Nf8 13. Ne5 Bd6 14. Bh2 Bxe5 15. Bxe5 Be6 16. f4 Bc8 17.
Bb1 N6d7 18. Qd3 Nb6 19. f5 f6 20. Bf4 Nh7 21. Rf3 Nc4 22. b3 Nd6 23. g4 Ng5 24. Rg3 Nge4 25. Rg2 Nxc3 26. Qxc3 Ne4 27. Bxe4 Rxe4 28.
Rf1 Qe7 29. h4 a4 30. g5 Bxf5 31. gxh6 g6 32. Rf3 axb3 33. axb3 Kh7 34. Rfg3 Qa3 35. Kh2 Qe7 36. Qc1 Qa3 37. Qg1 Rg8 38. Qf2 Qxb3 39. h5 g5 40. Bxg5 Rh4+ 41. Bxh4 1-0

[Event "Early-Titled-Tuesday-Blitz-February-13-2024"]
[Site "Chess.com"]
[Date "2024.02.13"]
[Round "2"]
[White "JaackCamel"]
[Black "LionelMessiFCB"]
[Result "0-1"]
[WhiteElo "2211"]
[BlackElo "2494"]
[TimeControl "180+1"]
[EndTime "8:19:03 PST"]
[Termination "LionelMessiFCB won by resignation"]

1. d4 d5 2. c4 dxc4 3. Nf3 Nf6 4. e3 e6 5. Bxc4 c5 6. O-O a6 7. a4 Nc6 8. Nc3 Be7 9. Qe2 cxd4 10. Rd1 Qc7 11.
exd4 O-O 12. Bg5 h6 13. Bh4 Nb4 14. Bg3 Qb6 15. a5 Qd8 16. Ne5 Bd7 17. h3 Bc6 18.
Nxc6 Nxc6 19. d5 exd5 20. Nxd5 Nxd5 21. Bxd5 Qe8 22. Bxc6 bxc6 23. Re1 Bf6 24. Qc4 Qd7 25. Rad1 Qb7 26. b4 Rfc8 27. Bd6 Rd8 28. Bc5 Rxd1 29.
Rxd1 Re8 30. Qb3 Qb5 31. Qd3 Rd8 32. Qc2 Rd5 33. Qb3 Rxc5 34. Qb1 Rd5 0-1

[Event "Early-Titled-Tuesday-Blitz-February-13-2024"]
[Site "Chess.com"]
[Date "2024.02.13"]
[Round "2"]
[White "Aslanov_Umid"]
[Black "PoXerStar"]
[Result "1-0"]
[WhiteElo "2668"]
[BlackElo "2399"]
[TimeControl "180+1"]
[EndTime "8:19:08 PST"]
[Termination "Aslanov_Umid won on time"]

1. e4 c5 2. Nf3 d6 3. d4 cxd4 4. Qxd4 Nc6 5. Qe3 g6 6. c4 Bg7 7. Be2 Nf6 8. O-O O-O 9. h3 b6 10. Nc3 Bb7 11. Rb1 Nd7 12. b3 Nc5 13. Bb2 f5 14. exf5 gxf5 15. Rfd1 Qd7 16. Nb5 a6 17. Bxg7 Kxg7 18. Nc3 Rab8 19. Nd5 Ba8 20. b4 Ne4 21. Nxb6 Qe8 22. Nxa8 Rxa8 23. Ng5 Qg6 24. Nxe4 fxe4 25. c5 Rfd8 26. cxd6 exd6 27. a4 d5 28. b5 d4 29. Qa3 Ne5 30. Qc5 1-0

[Event "Early-Titled-Tuesday-Blitz-February-13-2024"]
[Site "Chess.com"]
[Date "2024.02.13"]
[Round "2"]
[White "Kunalm64"]
[Black "FMOlexandrProhorov"]
[Result "1-0"]
[WhiteElo "2539"]
[BlackElo "2316"]
[TimeControl "180+1"]
[EndTime "8:19:08 PST"]
[Termination "Kunalm64 won by resignation"]

1. e4 c5 2. Nf3 e6 3. g3 Nc6 4.
Bg2 g6 5. d4 cxd4 6. Nxd4 Qb6 7.
Nb3 Bg7 8. O-O Nge7 9. Nc3 a6 10.
Be3 Qc7 11. Qd2 O-O 12. Bh6 b5 13. a3 Bb7 14. Rad1 Rfd8 15. Bxg7 Kxg7 16. Nc5 d6 17. Nxb7 Qxb7 18. h4 h5 19. Qg5 Ng8 20. Rd2 b4 21.
axb4 Qxb4 22. Nd1 Ne5 23. c3 Qb6 24. Ne3 Rab8 25. Rfd1 f6 26. Qf4 Nh6 27. Bh3 Re8 28. Rxd6 Qxb2 29. Rxa6 Re7 30. Bxe6 Qxc3 31. Nd5 Nf3+ 32.
Kg2 Ne1+ 33. Rxe1 Qxe1 34. Qxf6+ 1-0

[Event "Early-Titled-Tuesday-Blitz-February-13-2024"]
[Site "Chess.com"]
[Date "2024.02.13"]
[Round "2"]
[White "IMRosen"]
[Black "FairChess_on_YouTube"]
[Result "0-1"]
[WhiteElo "2686"]
[BlackElo "3080"]
[TimeControl "180+1"]
[EndTime "8:19:09 PST"]
[Termination "FairChess_on_YouTube won on time"]

1. e4 e5 2. Nf3 Nf6 3. Nc3 Nc6 4. d4 exd4 5. Nxd4 Nxe4 6. Nxe4 Qe7 7. Qd3 d5 8. Nb5 a6 9. Nxc7+ Qxc7 10. Qxd5 Nb4 11. Qc4 Nxc2+ 12. Kd1 Qxc4 13. Bxc4 Nxa1 14. Re1 Be6 15. Bxe6 fxe6 16. Bd2 Be7 17. Bc3 Rc8 18. Kd2 Rd8+ 19. Kc1 Kf7 20. Kb1 Rd5 21. Kxa1 Rhd8 22.
Kb1 Rd1+ 23. Kc2 Rxe1 24. Bxe1 Bf6 25. f3 Be5 26. h3 h6 27. Bf2 Bd4 28. Be1 e5 29. b3 Ke6 30. Bd2 Rc8+ 31. Kd3 Kd5 32. a4 b5 33. axb5 axb5 34. Ng3 Ke6 35. Ne4 Ra8 36. f4 Ra3 37. fxe5 Kxe5 0-1

[Event "Early-Titled-Tuesday-Blitz-February-13-2024"]
[Site "Chess.com"]
[Date "2024.02.13"]
[Round "2"]
[White "starworld123"]
[Black "HalfIsCrayfish"]
[Result "1/2-1/2"]
[WhiteElo "2834"]
[BlackElo "2592"]
[TimeControl "180+1"]
[EndTime "8:19:09 PST"]
[Termination "Game drawn by repetition"]

1. Nf3 d5 2. b3 c6 3. Bb2 Nf6 4. g3 Bf5 5. Bg2 e6 6. O-O Be7 7. c4 O-O 8. d4 h6 9. Nc3 Nbd7 10.
e3 Ne4 11. Qe2 a5 12. Rfd1 Nxc3 13. Bxc3 Be4 14. a4 b6 15. Bh3 Qc7 16. Nd2 Bg6 17. e4 dxe4 18. Nxe4 Nf6 19. Nxf6+ Bxf6 20. Rac1 Rad8 21.
Bg2 Rfe8 22. Qf3 c5 23. dxc5 Rxd1+ 24. Rxd1 Bxc3 25. Qxc3 Qxc5 26. Qe3 Qxe3 27. fxe3 Bc2 28. Rd6 Bxb3 29. Rxb6 Bxc4 30. Rc6 Bb3 31. Rc5 Bxa4 32. Rxa5 Bc2 33. Rc5 Bd3 34. Rc3 Bg6 35. Kf2 Rb8 36.
Ra3 Rb2+ 37. Kg1 Rb1+ 38. Kf2 Rb2+ 39. Kg1 Rb1+ 40. Kf2 Rb2+ 1/2-1/2

[Event "Early-Titled-Tuesday-Blitz-February-13-2024"]
[Site "Chess.com"]
[Date "2024.02.13"]
[Round "2"]
[White "Khromkin"]
[Black "kleopl"]
[Result "1-0"]
[WhiteElo "2322"]
[BlackElo "2522"]
[TimeControl "180+1"]
[EndTime "8:19:09 PST"]
[Termination "Khromkin won by resignation"]

1. d4 Nf6 2. c4 e6 3. Nf3 d5 4.
Nc3 Bb4 5. Qa4+ Nc6 6. e3 O-O 7. Bd2 Bxc3 8. Bxc3 Ne4 9. Bd3 Nxc3 10. bxc3 Re8 11.
O-O h6 12. Rfd1 Qe7 13. Rab1 Nd8 14. cxd5 exd5 15. h3 c6 16. c4 dxc4 17. Qxc4 Be6 18. Qc2 Bd5 19. Ne5 Qg5 20. e4 Be6 21. Bc4 Bxh3 22.
f4 Qxf4 23. gxh3 b5 24. Bb3 Ne6 25. Qg2 Re7 26. Rd3 Ng5 27. Rf1 Qxe4 28. Qxe4 Nxe4 29. Nxf7 Kh7 30. Re3 Rae8 31. Bc2 g6 32. Ne5 Nd6 33.
Bxg6+ Kg7 34. Bxe8 Rxe8 35. Rg3+ Kh7 36. Rf6 Ne4 37. Rf7+ Kh8 38. Rgg7 Re6 39. Ng6+ Rxg6+ 40. Rxg6 Ng5 41. Rxg5 hxg5 42. Rxa7 1-0

[Event "Early-Titled-Tuesday-Blitz-February-13-2024"]
[Site "Chess.com"]
[Date "2024.02.13"]
[Round "2"]
[White "margarita_2703"]
[Black "sharkarton"]
[Result "1-0"]
[WhiteElo "2360"]
[BlackElo "2535"]
[TimeControl "180+1"]
[EndTime "8:19:11 PST"]
[Termination "margarita_2703 won by checkmate"]

1. e4 c5 2. Nf3 e6 3. c3 d5 4. e5 d4 5. Bd3 Nc6 6. O-O g5 7.
Qe2 g4 8. Ne1 Qg5 9. f4 gxf3 10.
Nxf3 Qh5 11. Na3 a6 12. Nc4 b5 13. Be4 Bb7 14. Na3 Bg7 15. d3 Nge7 16. Nc2 O-O-O 17. Bf4 Ng6 18. Bg3 Ngxe5 19. cxd4 Nxf3+ 20. Bxf3 Qg6 21. dxc5 Nd4 22. Nxd4 Bxd4+ 23. Bf2 Bxf3 24. Qxf3 Bxf2+ 25. Rxf2 Qxd3 26. Qc6+ Kb8 27. Qb6+ Kc8 28. Qxa6+ Kb8 29. c6 Kc7 30. Rxf7+ Kd6 31. c7+ Ke5 32. Re1+ Kd4 33. cxd8=Q+ Rxd8 34. Qb6+ Kc4 35. Rc7+ Kd5 36. Qc5# 1-0

[Event "Early-Titled-Tuesday-Blitz-February-13-2024"]
[Site "Chess.com"]
[Date "2024.02.13"]
[Round "2"]
[White "GOGIEFF"]
[Black "Gennady_Kozlov"]
[Result "1-0"]
[WhiteElo "3012"]
[BlackElo "2667"]
[TimeControl "180+1"]
[EndTime "8:19:12 PST"]
[Termination "GOGIEFF won by resignation"]

1. c4 e5 2. d3 g6 3. Nc3 Bg7 4. g3 Nc6 5. Bg2 Nf6 6. e3 O-O 7. Nge2 d6 8. Rb1 a5 9. O-O Bg4 10. h3 Be6 11. Nd5 Qd7 12. Kh2 Rab8 13. Nec3 Ne7 14.
Nxf6+ Bxf6 15. Ne4 Bg7 16. Ng5 Bf5 17. g4 Be6 18. Bd2 b6 19. Bc3 f5 20. b3 Kh8 21.
Nxe6 Qxe6 22. gxf5 Nxf5 23. Qg4 h5 24. Qe2 Nh4 25.
Be4 Rf6 26. f4 Rbf8 27. Qe1 g5 28. Qg3 Nf5 29. Qxg5 Nxe3 30. Rg1 Bh6 31. Qxh5 Rxf4 32.
Rg6 Rf2+ 33. Kg1 Rf1+ 34. Rxf1 Rxf1+ 35. Kh2 Rf2+ 36. Kg3 Qxg6+ 37. Qxg6 1-0

[Event "Early-Titled-Tuesday-Blitz-February-13-2024"]
[Site "Chess.com"]
[Date "2024.02.13"]
[Round "2"]
[White "hsd2016"]
[Black "Manukyan_Artak"]
[Result "0-1"]
[WhiteElo "2324"]
[BlackElo "2541"]
[TimeControl "180+1"]
[EndTime "8:19:13 PST"]
[Termination "Manukyan_Artak won by resignation"]

1. e4 c6 2. d4 d5 3. Nd2 dxe4 4. Nxe4 Nf6 5. Nxf6+ exf6 6. c3 Bd6 7. Bd3 O-O 8. Qc2 h5 9. Ne2 Qc7 10. h3 Nd7 11. Be3 c5 12. O-O c4 13. Bh7+ Kh8 14.
Be4 Rg8 15. a4 g6 16. a5 f5 17. Bf3 Nf6 18. Rae1 Qxa5 19. Bg5 Kg7 20. Nf4 Nh7 21. Qd2 Nxg5 22. Nxh5+ gxh5 23. Qxg5+ Kf8 24. Qh6+ Rg7 25. Qh8+ Rg8 26. Re8+ Kxe8 27. Qxg8+ Kd7 28. Qxf7+ Kd8 29.
Re1 Bd7 30. Qf6+ Kc7 31. Bxh5 Rf8 32. Qg7 Kc8 33. Bf3 Re8 34. Rxe8+ Bxe8 35. Qxb7+ Kd8 36. h4 Qa1+ 0-1

[Event "Early-Titled-Tuesday-Blitz-February-13-2024"]
[Site "Chess.com"]
[Date "2024.02.13"]
[Round "2"]
[White "remyrushbrooke"]
[Black "disciplinedbrat"]
[Result "1-0"]
[WhiteElo "2258"]
[BlackElo "2491"]
[TimeControl "180+1"]
[EndTime "8:19:13 PST"]
[Termination "remyrushbrooke won by checkmate"]

1. Nf3 Nf6 2. g3 e6 3. Bg2 d5 4.
d4 Be7 5. O-O O-O 6. c4 dxc4 7.
Ne5 a6 8. Na3 c5 9. dxc5 Bxc5 10.
Naxc4 Qc7 11. Bf4 Nh5 12. e3 Nxf4 13. gxf4 Nc6 14. Nxc6 bxc6 15. Qf3 Bb7 16. Rac1 Be7 17. Ne5 Bf6 18. Rc5 Qb6 19. Nd7 Qxb2 20. Nxf8 Rxf8 21.
Qe4 Qxa2 22. Rb1 Ba8 23. Kh1 g6 24. Rg1 Qxf2 25. Bf3 Kh8 26. Rc2 Qh4 27. Rg4 Qh6 28.
Rc5 Qh3 29. Bg2 Qxg4 30. h3 Qd1+ 31. Kh2 a5 32. Rxa5 Bh4 33. Qb4 Kg7 34. f5 Be1 35.
f6+ Kg8 36. Qxf8+ Kxf8 37. Rxa8+ Qd8 38. Rxd8# 1-0

[Event "Early-Titled-Tuesday-Blitz-February-13-2024"]
[Site "Chess.com"]
[Date "2024.02.13"]
[Round "2"]
[White "Rikikits"]
[Black "temiksmozg"]
[Result "0-1"]
[WhiteElo "2841"]
[BlackElo "2608"]
[TimeControl "180+1"]
[EndTime "8:19:14 PST"]
[Termination "temiksmozg won on time"]

1. d4 d5 2. Nf3 Nf6 3. g3 Bf5 4. Bg2 e6 5. O-O h6 6. c4 c6 7.
Nc3 Be7 8. Nd2 O-O 9. Re1 Nbd7 10. e4 dxe4 11. Ndxe4 Nxe4 12. Bxe4 Bxe4 13. Nxe4 Nf6 14. Nc3 Bb4 15. Qb3 Bxc3 16. bxc3 Qd7 17. a4 c5 18.
Ba3 b6 19. dxc5 Rfb8 20. Qb5 Qc7 21. Rad1 bxc5 22. Qxc5 Qxc5 23. Bxc5 Rc8 24. Bd4 Rxc4 25. a5 Nd5 26. Rd3 a6 27. Rb1 Rac8 28. Rb3 Ra4 29.
Rb7 Rxa5 30. Rf3 f6 31. Rd3 e5 32. Be3 Rxc3 33. Rxc3 Nxc3 34. Kg2 Nd5 35. Kf3 Ra3 36.
Ke4 Nxe3 37. fxe3 Kh7 38. g4 h5 39. gxh5 Ra2 40. Ra7 Rxh2 41. Rxa6 Rh4+ 42. Kf3 Rxh5 43.
Kg4 Kg6 44. Ra7 Rh1 45. Kf3 f5 46. Re7 Kf6 47. Rb7 g6 48. Rb6+ Kg5 49. Re6 e4+ 50. Kg3 Rf1 0-1

[Event "Early-Titled-Tuesday-Blitz-February-13-2024"]
[Site "Chess.com"]
[Date "2024.02.13"]
[Round "2"]
[White "NovoselovRoman"]
[Black "ChessFanNM"]
[Result "1-0"]
[WhiteElo "2540"]
[BlackElo "2320"]
[TimeControl "180+1"]
[EndTime "8:19:14 PST"]
[Termination "NovoselovRoman won by checkmate"]

1. d4 d5 2. Bf4 Nf6 3. Nf3 c5 4. c3 e6 5. e3 Bd6 6. Ne5 Qc7 7. Nd2 Nbd7 8. Ndf3 O-O 9. Bd3 Ne4 10. Qc2 f5 11. Nxd7 Bxd7 12. Bxe4 fxe4 13. Bxd6 Qxd6 14. Ne5 Rf5 15.
O-O-O Raf8 16. f4 exf3 17. gxf3 Be8 18. f4 Qa6 19. a3 Ba4 20. b3 Be8 21. Kb2 Bg6 22.
Nxg6 hxg6 23. Rhg1 c4 24. b4 R8f6 25. Rg2 Rh5 26. Rdg1 Rh3 27. Rxg6 Rxg6 28. Qxg6 Rxh2+ 29. Kb1 Kf8 30. Qxg7+ Ke8 31. Qf6 Qxa3 32. Qxe6+ Kd8 33. Rg8+ Kc7 34. Rc8# 1-0

[Event "Early-Titled-Tuesday-Blitz-February-13-2024"]
[Site "Chess.com"]
[Date "2024.02.13"]
[Round "2"]
[White "SharapovEvgeny"]
[Black "Witty_Alien"]
[Result "1-0"]
[WhiteElo "2537"]
[BlackElo "2301"]
[TimeControl "180+1"]
[EndTime "8:19:14 PST"]
[Termination "SharapovEvgeny won by checkmate"]

1. e4 c5 2. Nf3 d6 3. d4 cxd4 4. Nxd4 Nf6 5. f3 e5 6. Nb3 Be6 7. c4 Nc6 8. Nc3 Be7 9. Be3 O-O 10. Be2 a5 11. Nd2 a4 12. O-O a3 13. b3 Qa5 14.
Nd5 Bxd5 15. cxd5 Nd4 16. Nc4 Qb4 17. Bxd4 exd4 18. Qxd4 Nd7 19. Qd2 Qc5+ 20. Kh1 b5 21. Na5 Bf6 22. Rac1 Qb6 23. Nc6 Rfe8 24. Bd3 g5 25. f4 gxf4 26. Qxf4 Kh8 27. Qf5 Be5 28. Qxd7 Rg8 29. Rxf7 Bg7 30. e5 Qe3 31. Rd1 dxe5 32. Qf5 e4 33. Bxe4 Qh6 34. d6 Raf8 35. d7 Rxf7 36.
Qxf7 Bf6 37. d8=Q Bxd8 38. Nxd8 Qd2 39. Qxh7# 1-0

[Event "Early-Titled-Tuesday-Blitz-February-13-2024"]
[Site "Chess.com"]
[Date "2024.02.13"]
[Round "2"]
[White "traviscottofficial"]
[Black "PLAYER_2006_M"]
[Result "0-1"]
[WhiteElo "2659"]
[BlackElo "3003"]
[TimeControl "180+1"]
[EndTime "8:19:15 PST"]
[Termination "PLAYER_2006_M won by resignation"]

1. d4 e6 2. c4 b6 3. Nc3 Bb7 4. Nf3 Bb4 5. g3 Bxc3+ 6. bxc3 Nf6 7. Bg2 O-O 8. a4 Nc6 9. Ne5 Na5 10. Bxb7 Nxb7 11.
O-O d6 12. Nf3 Na5 13. Nd2 e5 14. Ba3 c5 15. d5 e4 16. e3 Re8 17. Qe2 Qd7 18. Rfb1 h5 19. Rb5 Qh3 20. Qf1 Qf5 21. Nb3 Nxb3 22. Rxb3 Ng4 23. a5 bxa5 24. Rb5 Ne5 25.
Rxa5 h4 26. Bc1 Nf3+ 27. Kh1 Re5 28. Rxa7 Rxa7 29. Rxa7 hxg3 30. fxg3 Qh5 31. Ra8+ Kh7 32. Ra2 Rf5 33. Rf2 Kg8 34. Qe2 Qg6 35. Qb2 Rh5 36. Rg2 Qg4 37. Qe2 Nxh2 38. Qxg4 Nxg4+ 39. Kg1 Ne5 40. Ra2 Nf3+ 41. Kf1 Rh1+ 42. Ke2 Rh2+ 0-1

[Event "Early-Titled-Tuesday-Blitz-February-13-2024"]
[Site "Chess.com"]
[Date "2024.02.13"]
[Round "2"]
[White "lilleper1"]
[Black "FoxOnTheRun97"]
[Result "1-0"]
[WhiteElo "2977"]
[BlackElo "2648"]
[TimeControl "180+1"]
[EndTime "8:19:15 PST"]
[Termination "lilleper1 won on time"]

1. e4 c6 2. d4 d5 3. e5 Bf5 4. Nd2 e6 5. Nb3 Nd7 6. Nf3 Ne7 7. Be2 h6 8. a4 Nc8 9. a5 a6 10.
O-O Na7 11. Bd3 Bxd3 12. Qxd3 c5 13. dxc5 Nxc5 14. Nxc5 Bxc5 15. Ra4 Rc8 16. Rg4 g6 17. c3 Qd7 18. Rh4 h5 19. Bg5 Qb5 20. Qd2 Nc6 21. Bf6 Rg8 22. b4 Be7 23. Re1 b6 24. axb6 Qxb6 25. Ng5 a5 26. bxa5 Qxa5 27. Rf4 Rc7 28. Bxe7 Rxe7 29. Qb2 Kf8 30. Ra1 Qc7 31. Ra8+ Kg7 32.
Rxf7+ Rxf7 33. Nxe6+ Kh7 34. Nxc7 Rxc7 35. Rxg8 Kxg8 36.
f4 Ne7 37. Qb6 Rc4 38. Qe6+ Kf8 39. Qf6+ Ke8 40. e6 1-0

[Event "Early-Titled-Tuesday-Blitz-February-13-2024"]
[Site "Chess.com"]
[Date "2024.02.13"]
[Round "2"]
[White "Antipov_Mikhail_Al"]
[Black "nekotyanof"]
[Result "1-0"]
[WhiteElo "2955"]
[BlackElo "2638"]
[TimeControl "180+1"]
[EndTime "8:19:17 PST"]
[Termination "Antipov_Mikhail_Al won by resignation"]

1. e4 c5 2. Nf3 Nc6 3. Bb5 e5 4. O-O Bd6 5. b4 Nxb4 6. d4 cxd4 7. c3 Nc6 8. cxd4 Nxd4 9. Nxd4 exd4 10. Qxd4 Qe7 11.
Bb2 f6 12. Qd5 Nh6 13. Rd1 Nf7 14. Bc4 Be5 15. Ba3 d6 16. Nd2 Bxa1 17. Rxa1 O-O 18. Bxd6 Qd7 19. e5 fxe5 20. Nf3 Qc6 21. Qxc6 bxc6 22.
Nxe5 Bf5 23. Bxf8 Kxf8 24. Nxf7 Rb8 25. Ne5 Rb2 26. Nxc6 Rc2 27. Ne5 Rxc4 28. Nxc4 1-0

[Event "Early-Titled-Tuesday-Blitz-February-13-2024"]
[Site "Chess.com"]
[Date "2024.02.13"]
[Round "2"]
[White "KacperKacprzak"]
[Black "BJthechessgod"]
[Result "0-1"]
[WhiteElo "2732"]
[BlackElo "2435"]
[TimeControl "180+1"]
[EndTime "8:19:18 PST"]
[Termination "BJthechessgod won by resignation"]

1. e4 c5 2. Nf3 e6 3. d4 cxd4 4. Nxd4 Nc6 5. Nc3 Qc7 6. Be3 a6 7. a3 b5 8. Nxc6 Qxc6 9. h4 Bb7 10. h5 h6 11. Rh3 Nf6 12. e5 Nd5 13. Nxd5 Qxd5 14.
Qxd5 Bxd5 15. a4 b4 16. a5 Rc8 17. Kd2 Rc6 18. Rg3 d6 19. Bb6 Bc4 20. Bxc4 Rxc4 21. exd6 Bxd6 22. Rd3 Ke7 23. b3 Rc6 24. Bd4 Rhc8 25.
Ra2 Bf4+ 26. Kd1 e5 27. Bb6 e4 28. Rd4 Rd6 29. g3 Be5 30. Rxd6 Kxd6 31. Ke2 Kd5 32. Ra4 Bc3 33. f3 exf3+ 34. Kxf3 Re8 35. Ra2 Re5 36. g4 f5 37. Bf2 fxg4+ 38. Kxg4 Rg5+ 39. Kh4 Bf6 40. Kh3 Rxh5+ 41. Kg2 Bc3 42. Kf1 Ke4 43. Ra4 Kf3 44. Bg1 Rh1 45. Ra2 Bd4 46. Ke1 Be3 0-1

[Event "Early-Titled-Tuesday-Blitz-February-13-2024"]
[Site "Chess.com"]
[Date "2024.02.13"]
[Round "2"]
[White "JeFumeDesClopes"]
[Black "sokidze"]
[Result "0-1"]
[WhiteElo "2583"]
[BlackElo "2841"]
[TimeControl "180+1"]
[EndTime "8:19:19 PST"]
[Termination "sokidze won by resignation"]

1. Nf3 Nf6 2. g3 d5 3. Bg2 e6 4. c4 Be7 5. O-O O-O 6. b3 d4 7.
e3 c5 8. exd4 cxd4 9. d3 Nc6 10.
Re1 Bb4 11. Bd2 a5 12. a3 Bd6 13. Bg5 h6 14. Bxf6 Qxf6 15. Nbd2 Qe7 16. Qc1 Bd7 17.
Ne4 Bc7 18. c5 e5 19. Qc4 Be6 20. Qb5 Bd5 21. Nfd2 Rfd8 22. b4 a4 23. Nd6 Bxg2 24. Kxg2 Bxd6 25. cxd6 Rxd6 26. Nc4 Re6 27. Nb6 Ra6 28.
Rac1 Na7 29. Qc5 Raxb6 30. Qc4 Nb5 31. Qc2 Nc3 0-1

[Event "Early-Titled-Tuesday-Blitz-February-13-2024"]
[Site "Chess.com"]
[Date "2024.02.13"]
[Round "2"]
[White "komogro"]
[Black "Attacks_Hurricane"]
[Result "0-1"]
[WhiteElo "2512"]
[BlackElo "2307"]
[TimeControl "180+1"]
[EndTime "8:19:19 PST"]
[Termination "Attacks_Hurricane won on time"]

1. e4 c5 2. Nc3 a6 3. g3 b5 4. Bg2 Bb7 5. d3 d6 6. f4 Nc6 7.
Nf3 g6 8. O-O Bg7 9. Kh1 e6 10.
Be3 Nge7 11. Bg1 O-O 12. Qd2 Rc8 13. Nd1 f5 14. c3 e5 15. Ng5 Qd7 16. Ne3 h6 17.
Nh3 Kh7 18. Rae1 Rce8 19. exf5 Nxf5 20. Nxf5 gxf5 21. fxe5 Nxe5 22. Nf4 Bxg2+ 23. Qxg2 Nf7 24. Qd5 Be5 25. Bxc5 Bxf4 26. gxf4 Rg8 27. Bf2 Nd8 28. Rg1 Nc6 29. Rxe8 Rxe8 30. Re1 Rg8 31. Re6 Ne7 32.
Qxd6 Qb7+ 33. Re4 fxe4 34. Bg3 Nf5 35. Qe6 exd3+ 36. Kg1 Nxg3 0-1